 Dungeon Crawl Stone Soup version 0.29-a0-322-g68df515428 (webtiles) character file.

Game seed: 15285062462531145334

3715 jisko22 the Cleaver (level 10, -6/83 HPs)
             Began as a Hill Orc Fire Elementalist on Apr 5, 2022.
             Was a Believer of Vehumet.
             Mangled by a wyvern (7 damage)
             ... on level 7 of the Dungeon on Apr 6, 2022.
             The game lasted 00:38:13 (11438 turns).

jisko22 the Cleaver (Hill Orc Fire Elementalist)   Turns: 11438, Time: 00:38:13

Health: -6/83      AC:  7    Str: 14    XL:     10   Next: 14%
Magic:  10/15      EV: 11    Int: 17    God:    Vehumet [**....]
Gold:   279        SH:  0    Dex: 11    Spells: 6/16 levels left

rFire   + + .      SeeInvis .   J - +1 war axe (freeze)
rCold   x . .      Faith    .   (no shield)
rNeg    . . .      Spirit   .   B - +0 leather armour {rC+}
rPois   .          Reflect  .   p - +0 helmet
rElec   .          Harm     .   (no cloak)
rCorr   .          Rampage  .   G - +2 pair of gloves
Will    .....                   (no boots)
Stlth   +.........              (no amulet)
HPRegen 0.23/turn               r - ring of fire
MPRegen 0.14/turn               A - ring of fire

@: hasted, very quick
A: no striking features
a: Renounce Religion


You were on level 7 of the Dungeon.
You worshipped Vehumet.
Vehumet was pleased with you.
You visited 2 branches of the dungeon, and saw 8 of its levels.

You collected 409 gold pieces.
You spent 130 gold pieces at shops.

Inventory:

Hand Weapons
 e - a +0 dagger
 i - a +0 whip
 t - a +1 short sword
 y - a +0 whip of venom
 C - a +1 war axe of venom
 J - a +1 war axe of freezing (weapon)
Missiles
 j - 143 stones
 k - 13 poisoned darts (quivered)
 z - a throwing net
 F - 6 javelins
Armour
 a - a +0 robe
 m - a +0 leather armour
 p - a +0 helmet (worn)
 w - a +0 ring mail
 B - a +0 leather armour of cold resistance (worn)
 G - a +2 pair of gloves (worn)
Magical Staves
 g - a staff of air
Jewellery
 r - a ring of fire (left hand)
 A - a ring of fire (right hand)
 H - a ring of protection from fire
Wands
 q - a wand of charming (4)
 x - a wand of digging (9)
Scrolls
 f - a scroll of holy word {unknown}
 D - 2 scrolls of magic mapping
 I - a scroll of immolation {unknown}
Potions
 b - a potion of magic
 c - 2 potions of invisibility
 d - a potion of flight {unknown}
 h - a potion of ambrosia {unknown}
 l - 4 potions of curing
 n - a potion of mutation {unknown}
 o - 2 potions of lignification
 s - a potion of cancellation {unknown}
 u - 3 potions of haste
 v - a potion of attraction {unknown}
 E - 2 potions of heal wounds


   Skills:
 + Level 6.2 Fighting
 * Level 8.7 Axes
 - Level 3.0 Armour
 - Level 1.5 Dodging
 - Level 1.5 Stealth
 + Level 3.9 Spellcasting
 * Level 6.9 Conjurations
 * Level 8.4 Fire Magic


You had 6 spell levels left.
You knew the following spells:

 Your Spells              Type           Power      Damage    Failure   Level
a - Foxfire               Conj/Fire      100%       2x1d9     1%          1
b - Scorch                Fire           100%       2d10      1%          2
c - Flame Wave            Conj/Fire      60%        2d12      9%          4
d - Conjure Flame         Conj/Fire      60%        6-21      2%          3

Your spell library contained the following spells:

 Spells                   Type           Power      Damage    Failure   Level
 Static Discharge         Conj/Air       15%        N/A       7%          2
 Inner Flame              Hex/Fire       39%        N/A       11%         3
 Slow                     Hex            12%        N/A       21%         1
 Sublimation of Blood     Necr           3%         N/A       30%         2
 Confusing Touch          Hex            3%         N/A       52%         3
 Vampiric Draining        Necr           3%         2d6       52%         3
 Irradiate                Conj/Tmut      7%         3d15      78%         5
 Cause Fear               Hex            1%         N/A       89%         4
 Petrify                  Tmut/Erth      3%         N/A       89%         4
 Discord                  Hex            1%         N/A       100%        8


Dungeon Overview and Level Annotations

Branches:
Dungeon (7/15)             Temple (1/1) D:4

Altars:
Ashenzari
Cheibriados
Dithmenos
Elyvilon
Fedhas
Gozag
Hepliaklqana
Kikubaaqudgha
Makhleb
Nemelex Xobeh
Okawaru
Qazlal
Ru
Sif Muna
Trog
Uskayaw
Vehumet
Wu Jian
Xom
Yredelemnul
Zin

Shops:
D:1 [   D:5 :!


Message History

The wyvern is lightly wounded.
The foxfire hits the wyvern but does no damage.
The wyvern is lightly wounded.
Casting: Foxfire (safe; 1% risk of failure)
Confirm with . or Enter, or press ? or * to list all spells.
You feel a strong surge of power!
Flames lash the wyvern.
The wyvern is moderately wounded.
The wyvern's fire resistance burns away.
Casting: Scorch (safe; 1% risk of failure)
Confirm with . or Enter, or press ? or * to list all spells.
You feel a strong surge of power!
Flames lash the wyvern.
The wyvern is moderately wounded.
The wyvern bites you!
You barely miss the wyvern.
The wyvern is moderately wounded.
The wyvern misses you. The wyvern bites you!
You hit the wyvern but do no damage.
The wyvern is moderately wounded.
The wyvern bites you! The wyvern bites you.
You closely miss the wyvern.
The wyvern is moderately wounded.
The wyvern barely misses you.
You hit the wyvern but do no damage.
The wyvern is moderately wounded.
The wyvern bites you but does no damage.
The wyvern barely misses you.
Okay, then.
Okay, then.
You feel yourself speed up. The wyvern bites you!
You barely miss the wyvern.
The wyvern is moderately wounded.
The wyvern is no longer more vulnerable to fire.
The wyvern bites you!
* * * LOW HITPOINT WARNING * * *
You hit the wyvern. You freeze the wyvern. Your punch misses the wyvern.
The wyvern is moderately wounded.
The wyvern bites you!
* * * LOW HITPOINT WARNING * * *
The wyvern bites you!
You die...

#....##..........#
##...............#
##......##.....##
##.....#....###
#...........##
##.####.......#
##.## #...###.##
#..# ##...# ##.##
.>## ##....# ##@##
.## ##..##.##
##l######## ##
##..####.#
##........
####..## #.#
##....... ##...##
#.# ####### ....##
##.## ...##
#...######## ..##
#<........>## ..##
##..........###


You could see a wyvern.

Vanquished Creatures
  2 two-headed ogres
  A troll (D:6)
  Menkaure (D:5)
  A water moccasin (D:7)
  2 sky beasts
  3 orc warriors
  2 ogres
  A phantom (D:7)
  A kobold brigand (D:6)
  4 necrophages
  A bullfrog (D:6)
  4 scorpions
  A howler monkey (D:5)
  2 hounds (D:5)
  2 jellies
  3 orc priests (D:7)
  6 iguanas
  8 orc wizards
  4 gnolls (D:3)
  3 adders
  2 shadow imps (D:6)
  2 worms (D:5)
  3 dart slugs
  32 orcs
  9 ball pythons
  7 bats
  3 endoplasms
  2 giant cockroaches
  4 goblins
  A hobgoblin (D:2)
  3 quokkas
  A frilled lizard (D:1)
  4 kobolds
  3 rats
128 creatures vanquished.

Vanquished Creatures (others)
  427 foxfires
427 creatures vanquished.

Grand Total: 555 creatures vanquished

Notes
Turn   | Place    | Note
-------+----------+-------------------------------------------
     0 | D:1      | jisko22 the Hill Orc Fire Elementalist began the quest for
                  | the Orb.
     0 | D:1      | Reached XP level 1. HP: 14/14 MP: 3/3
   364 | D:1      | Found a faded altar of an unknown god.
   370 | D:1      | Reached skill level 1 in Fighting
   625 | D:1      | Reached XP level 2. HP: 23/23 MP: 0/4
  1080 | D:1      | Found Nuogg's Antique Armour Shop.
  1475 | D:2      | Learned a level 2 spell: Scorch
  1681 | D:2      | Reached XP level 3. HP: 26/29 MP: 1/5
  3157 | D:3      | Reached XP level 4. HP: 37/37 MP: 3/6
  3396 | D:3      | Reached skill level 1 in Armour
  3987 | D:3      | Noticed a sky beast
  4087 | D:4      | Found a staircase to the Ecumenical Temple.
  4093 | Temple   | Entered the Ecumenical Temple
  4384 | Temple   | Became a worshipper of Vehumet
  4487 | D:4      | Reached XP level 5. HP: 22/44 MP: 0/7
  4748 | D:4      | Learned a level 4 spell: Flame Wave
  5154 | D:4      | Reached skill level 1 in Axes
  5154 | D:4      | Reached XP level 6. HP: 51/51 MP: 0/8
  5365 | D:4      | Found a stormy altar of Qazlal.
  5725 | D:5      | Entered Level 5 of the Dungeon
  6575 | D:5      | Reached skill level 5 in Fire Magic
  6575 | D:5      | Reached XP level 7. HP: 57/57 MP: 6/10
  6676 | D:5      | Noticed Menkaure
  6679 | D:5      | Killed Menkaure
  7029 | D:5      | Found Nidivatug's Distillery.
  7030 | D:5      | Found Yroxtegg's Book Emporium.
  7069 | D:5      | Bought a potion of heal wounds for 65 gold pieces
  7069 | D:5      | Bought a potion of heal wounds for 65 gold pieces
  7241 | D:5      | Reached XP level 8. HP: 66/66 MP: 4/11
  7675 | D:6      | Found a hazy altar of Hepliaklqana.
  7842 | D:6      | Reached * piety under Vehumet
  7842 | D:6      | Offered knowledge of Magic Dart by Vehumet.
  7877 | D:6      | Reached skill level 5 in Axes
  8240 | D:6      | Noticed a troll
  8253 | D:6      | Killed a troll
  8254 | D:6      | Reached skill level 5 in Conjurations
  8279 | D:6      | Reached skill level 5 in Fighting
  8468 | D:6      | Reached XP level 9. HP: 74/74 MP: 9/13
  8596 | D:6      | Noticed a two-headed ogre
  8622 | D:6      | Killed a two-headed ogre
  9320 | D:7      | Learned a level 3 spell: Conjure Flame
  9335 | D:7      | Offered knowledge of Static Discharge by Vehumet.
  9335 | D:7      | Noticed a two-headed ogre
  9660 | D:7      | Reached ** piety under Vehumet
  9996 | D:7      | Killed a two-headed ogre
 10099 | D:7      | Reached XP level 10. HP: 83/83 MP: 3/15
 11039 | D:7      | Found a sacrificial altar of Ru.
 11436 | D:7      | HP: 1/83 [wyvern (16)]
 11438 | D:7      | Mangled by a wyvern

Illustrated notes

Levels and vault maps discovered:
D:1:      noname_arrival_rooms_in_the_neighbourhood, layout_basic,
          hellmonk_ecumenical_altar_crossroads, serial_shops,
          nicolae_shop_behind_doors
D:2:      layout_basic, kennysheep_path_1, kennysheep_generic_room_10
D:3:      layout_loops_cross
D:4:      layout_rooms, nicolae_qazlal_eye_of_the_storm,
          minmay_temple_entry_hall
D:5:      layout_gridville, cheibrodos_sewer_entry_bend,
          nicolae_wooded_promenade, corexii_checkpoint_b, uniq_menkaure
D:6:      minmay_chambers_of_sixes, layout_gridville,
          mainiacjoe_overflow_small_starburst, nrook_mini_backslash
D:7:      layout_layer_cave, nicolae_ru_sacrificial_ziggurat
Temple:   dpeg_five_rooms_temple

Skill      XL: |  1  2  3  4  5  6  7  8  9 |
---------------+----------------------------+-----
Fighting       | 1 2 3 4 5 6 |  6.2
Fire Magic     | 4 5 6 8 |  8.4
Armour         | 3 |  3.0
Axes           | 1 3 4 6 8 |  8.7
Conjurations   | 2 3 5 6 |  6.9
Spellcasting   | 2 3 |  3.9
Dodging        | |  1.5
Stealth        | |  1.5

Action                   |  1- 3 |  4- 6 |  7- 9 | 10-12 || total
-------------------------+-------+-------+-------+-------++-------
Melee: Whip              |    14 |     7 |       |       ||    21
       Short sword       |       |     4 |       |       ||     4
       War axe           |       |    16 |    29 |    20 ||    65
       Punch             |       |       |     4 |       ||     4
Throw: Dart              |       |       |     4 |     4 ||     8
 Cast: Foxfire           |    55 |    53 |   126 |    29 ||   263
       Scorch            |       |     5 |    20 |    10 ||    35
       Flame Wave        |       |       |     1 |       ||     1
       Conjure Flame     |       |       |     5 |     2 ||     7
  Use: Scroll            |     1 |     9 |     6 |       ||    16
       Potion            |       |       |     3 |     1 ||     4
 Stab: Sleeping          |     1 |       |     1 |       ||     2
Armor: Robe              |     9 |       |       |       ||     9
       Leather armour    |     1 |    12 |    14 |     9 ||    36
       Skin              |       |       |     1 |       ||     1
Dodge: Dodged            |    18 |    22 |    17 |     6 ||    63

Table legend: (Time is in decaauts)
 A = Elapsed time spent in this place.
 B = Non-inter-level travel time spent in this place.
 C = Inter-level travel time spent in this place.
 D = Time resting spent in this place.
 E = Time spent auto-exploring this place.
 F = Levels seen in this place.
 G = Mean time per level.
                   A        B        C        D        E       F      G
               +--------+--------+--------+--------+--------+-----+--------+
         Total |  11462 |  11089 |    373 |   4757 |   4257 |   8 | 1432.8 |
       Dungeon |  11120 |  10797 |    323 |   4757 |   4009 |   7 | 1588.6 |
        Temple |    341 |    291 |     50 |      0 |    248 |   1 |  341.0 |
               +--------+--------+--------+--------+--------+-----+--------+

Top non-repeatable levels by time:
     D:7: 1990 daAuts
     D:6: 1865 daAuts
     D:2: 1644 daAuts
     D:5: 1595 daAuts
     D:4: 1509 daAuts
     D:1: 1470 daAuts
     D:3: 1044 daAuts
  Temple: 341 daAuts
